 Dungeon Crawl Stone Soup version 0.31-a0-233-g139696dc86 (webtiles) character file.

Game seed: 3118156957388523904

8731 Demosthentine the Fighter (level 11, -5/84 HPs)
             Began as a Demonspawn Gladiator on July 8, 2023.
             Was a Follower of Hepliaklqana.
             Slain by a boulder beetle (17 damage)
             ... on level 9 of the Dungeon.
             The game lasted 00:10:19 (8745 turns).

Demosthentine the Fighter (Demonspawn Gladiator)    Turns: 8745, Time: 00:10:20

Health: -5/84      AC:  9    Str: 19    XL:     11   Next: 13%
Magic:  23/23      EV: 18    Int: 13    God:    Hepliaklqana [*.....]
Gold:   404        SH:  0    Dex: 23    Spells: 10/10 levels left

rFire   . . .        C - +3 trident
rCold   . . .        (no shield)
rNeg    . . .        z - +0 leather armour "Wotim" {MP+9 Str+3 Int+3}
rPois   .            c - +0 helmet
rElec   .            (no cloak)
rCorr   .            (gloves unavailable)
SInv    .            k - +1 pair of boots
Will    +....        K - amulet of magic regeneration
Stlth   ++           l - ring of willpower
HPRegen 0.34/turn    u - +6 ring of dexterity
MPRegen 0.58/turn

%: no passive effects
@: no status effects
A: reduced essence, rugged brown scales 2, demonic touch 3
a: Renounce Religion, Recall Ancestor, Ancestor Identity


You were on level 9 of the Dungeon.
You worshipped Hepliaklqana.
Hepliaklqana was aware of your devotion.
You visited 2 branches of the dungeon, and saw 10 of its levels.

You collected 404 gold pieces.

Inventory:

Hand Weapons
 C - a +3 trident (weapon)
Missiles
 e - 6 javelins
 f - 14 boomerangs
 n - 2 atropa-tipped darts (quivered)
 A - 17 poisoned darts
Armour
 c - a +0 helmet (worn)
 k - a +1 pair of boots (worn)
 z - the +0 leather armour "Wotim" (worn) {MP+9 Str+3 Int+3}
   (You found it on level 4 of the Dungeon)

   Str:       It affects your strength (+3).
   Int:       It affects your intelligence (+3).
   MP:        It affects your magic capacity (+9).
 M - +0 steam dragon scales
Jewellery
 b - a ring of see invisible
 l - a ring of willpower (left hand)
 p - a ring of poison resistance
 t - the ring "Iloj" {Fly Will+ Dex+3}
   (You found it on level 9 of the Dungeon)

   [ring of flight]

   Dex:       It affects your dexterity (+3).
   Fly:       It grants you flight.
   Will:      It increases your willpower.
 u - a +6 ring of dexterity (right hand)
 D - a ring of positive energy
 K - an amulet of magic regeneration (around neck)
Wands
 q - a wand of digging (6)
 v - a wand of flame (48)
 y - a wand of quicksilver (10)
 E - a wand of roots (10)
Scrolls
 g - a scroll of fog
 h - 4 scrolls of vulnerability
 j - 4 scrolls of teleportation
 s - a scroll of enchant armour
 w - a scroll of revelation
Potions
 d - 3 potions of resistance
 i - 2 potions of haste {unknown}
 m - 2 potions of cancellation
 o - a potion of invisibility
 r - a potion of lignification
 x - a potion of magic
 B - a potion of curing
 G - 2 potions of attraction {unknown}
 H - a potion of mutation
 I - a potion of brilliance {unknown}
 J - a potion of berserk rage {unknown}
 N - 2 potions of enlightenment {unknown}


   Skills:
 + Level 9.0 Fighting
 + Level 8.5 Polearms
 - Level 1.7 Throwing
 - Level 7.2 Armour
 + Level 8.5 Dodging
 + Level 4.2 Invocations


You had 10 spell levels left.
You didn't know any spells.
Your spell library contained the following spells:

 Spells                   Type           Power      Damage    Failure   Level
 Frozen Ramparts          Ice            0%         1d1       71%         3
 Ice Form                 Ice/Tmut       0%         N/A       98%         4
 Summon Ice Beast         Ice/Summ       0%         N/A       98%         4
 Chain Lightning          Conj/Air       0%         N/A       100%        9
 Fire Storm               Conj/Fire      0%         5d1       100%        9
 Shatter                  Erth           0%         3d5*      100%        9


Dungeon Overview and Level Annotations

Branches:
Dungeon (9/15)             Temple (1/1) D:7
   Lair: D:8-11         Orc: D:9-12

Altars:
Ashenzari
Dithmenos
Fedhas
Hepliaklqana
Makhleb
Nemelex Xobeh
Okawaru
Qazlal
Ru
Sif Muna
Trog
Uskayaw
Vehumet
Wu Jian
Xom
Yredelemnul


Innate Abilities, Weirdness & Mutations

Your life essence is reduced to manifest your ancestor. (-10% HP)
You are mostly covered in rugged brown scales. (AC +2, +5% HP)
Your touch may irresistibly damage your foes and sap their willpower.


Message History

Mbali hits the boulder beetle but does no damage.
The boulder beetle closely misses you.
You hit the boulder beetle but do no damage.
You touch the boulder beetle.
You sap its willpower!
The boulder beetle is lightly wounded.
Mbali hits the boulder beetle.
You completely miss the boulder beetle.
The boulder beetle is lightly wounded.
The boulder beetle bites you!
* * * LOW HITPOINT WARNING * * *
Okay, then.
You hit the boulder beetle.
The boulder beetle is moderately wounded.
Mbali hits the boulder beetle!
The boulder beetle misses you.
You hit the boulder beetle.
The boulder beetle is heavily wounded.
Mbali hits the boulder beetle.
The boulder beetle completely misses you.
You hit the boulder beetle but do no damage.
The boulder beetle is heavily wounded.
Mbali hits the boulder beetle but does no damage.
The boulder beetle bites you!
* * * LOW HITPOINT WARNING * * *
You hit the boulder beetle.
You touch the boulder beetle!
You sap its willpower!
The boulder beetle is severely wounded.
Mbali hits the boulder beetle but does no damage.
The boulder beetle bites you.
* * * LOW HITPOINT WARNING * * *
You barely miss the boulder beetle.
The boulder beetle is severely wounded.
Mbali hits the boulder beetle.
The boulder beetle barely misses you.
You hit the boulder beetle but do no damage.
The boulder beetle is severely wounded.
Mbali hits the boulder beetle but does no damage.
You barely miss the boulder beetle.
You touch the boulder beetle!
You sap its willpower!
The boulder beetle is almost dead.
The boulder beetle bites you!
You die...

#....###.#.....##...######
######..# #.#.....##...##...#
####.......###'#.....##...##...##
...'.............................
####.............###.###.......##
######.....>......#######...#
#...............R.B....#.#
#........#B##########..#.#
#........#@R......#.#.##.#
#......................#.#
#.................#.#..#.##
##########+#).............#..#...
............)..#.####........#.##
##.......#.#)..#.# #........#.#
##.......+.#[#.#.# #........#.#
##.......###)#.#.# #........#.#
#####....# #.#.#.####........#.#


You could see the friendly Mbali the ancestor and a boulder beetle (weak-willed,
ally target).

Vanquished Creatures
  A two-headed ogre (D:8)
  A deep elf pyromancer (D:7)
  Pikel (D:9)
  A manticore (D:9)
  3 ugly things (D:9)
  Joseph (D:8)
  A gargoyle (D:8)
  Maurice (D:8)
  Maggie (D:8)
  A hornet (D:7)
  Prince Ribbit (D:7)
  A slime creature (D:9)
  A wyvern (D:9)
  A yak (D:9)
  4 steam dragons
  2 acid dragons (D:9)
  Duvessa (D:7)
  3 orc warriors
  A sky beast (D:7)
  2 black bears
  2 ogres
  A phantom (D:4)
  A kobold brigand (D:9)
  A lemure (D:9)
  3 bullfrogs
  A gnoll sergeant (D:9)
  7 scorpions
  3 wights (D:9)
  Dowan (D:7)
  5 killer bees (D:8)
  4 howler monkeys
  2 jellies (D:7)
  4 iguanas
  2 orc priests (D:7)
  A gnoll bouda (D:9)
  A sleepcap (D:5)
  Jessica (D:2)
  2 orc wizards
  Robin (D:2)
  14 gnolls
  5 adders
  A shadow imp (D:6)
  A white imp (D:5)
  2 ufetubi
  A dart slug (D:1)
  23 orcs
  A bat (D:3)
  7 endoplasms
  4 giant cockroaches
  13 goblins
  11 hobgoblins
  4 jackals (D:2)
  17 kobolds
  2 quokkas
  3 ball pythons
  A frilled lizard (D:1)
  8 rats
190 creatures vanquished.

Vanquished Creatures (collateral kills)
  2 lemures (D:9)
  A gnoll sergeant (D:9)
  A killer bee (D:8)
  An orc wizard (D:9)
  A gnoll (D:9)
  3 orcs
9 creatures vanquished.

Vanquished Creatures (others)
  4 ancestors
  A gnoll (D:9)
5 creatures vanquished.

Grand Total: 204 creatures vanquished

Notes
Turn   | Place    | Note
-------+----------+-------------------------------------------
     0 | D:1      | Demosthentine the Demonspawn Gladiator began the quest for
                  | the Orb.
     0 | D:1      | Reached XP level 1. HP: 16/16 MP: 1/1
   128 | D:1      | Gained mutation: Your touch may inflict minor irresistible
                  | damage on your foes. [demonic ancestry]
   128 | D:1      | Reached XP level 2. HP: 22/22 MP: 2/2
   705 | D:2      | Reached skill level 1 in Armour
   715 | D:2      | Reached XP level 3. HP: 28/28 MP: 3/3
   718 | D:2      | Noticed Robin
   725 | D:2      | Killed Robin
   840 | D:2      | Noticed Jessica
   856 | D:2      | Killed Jessica
   857 | D:2      | Reached XP level 4. HP: 28/34 MP: 4/4
  1382 | D:3      | Reached skill level 3 in Fighting
  1676 | D:3      | Found a basalt altar of Yredelemnul.
  1817 | D:4      | Gained mutation: You are partially covered in rugged brown
                  | scales. (AC +1, +3% HP) [demonic ancestry]
  1817 | D:4      | Reached XP level 5. HP: 24/42 MP: 5/5
  2024 | D:4      | Found a hide-covered altar of Uskayaw.
  2024 | D:4      | Identified the +0 leather armour "Wotim" {MP+9 Str+3 Int+3}
  2536 | D:4      | Noticed a phantom
  2551 | D:4      | Killed a phantom
  2552 | D:4      | Gained mutation: You are mostly covered in rugged brown
                  | scales. (AC +2, +5% HP) [demonic ancestry]
  2552 | D:4      | Reached XP level 6. HP: 33/50 MP: 6/6
  2768 | D:5      | Entered Level 5 of the Dungeon
  2787 | D:5      | Reached skill level 4 in Fighting
  2853 | D:5      | Gained mutation: Your touch may inflict irresistible damage
                  | on your foes. [demonic ancestry]
  2853 | D:5      | Reached XP level 7. HP: 41/56 MP: 7/7
  3787 | D:6      | Identified the +0 pair of boots of Keuza {Rampage Str-2
                  | Dex+4}
  3889 | D:6      | Reached skill level 5 in Fighting
  3889 | D:6      | Reached skill level 5 in Polearms
  3889 | D:6      | Reached skill level 5 in Dodging
  3889 | D:6      | Reached XP level 8. HP: 63/65 MP: 8/8
  4785 | D:7      | Found a staircase to the Ecumenical Temple.
  4794 | D:7      | Noticed Duvessa
  4818 | D:7      | Killed Duvessa
  4971 | D:7      | Noticed Dowan
  4980 | D:7      | Killed Dowan
  4999 | Temple   | Entered the Ecumenical Temple
  5192 | Temple   | Became a worshipper of Hepliaklqana the Forgotten
  5387 | D:7      | Noticed a deep elf pyromancer
  5394 | D:7      | Killed a deep elf pyromancer
  5395 | D:7      | Reached skill level 6 in Fighting
  5395 | D:7      | Reached skill level 5 in Armour
  5395 | D:7      | Reached XP level 9. HP: 27/72 MP: 9/9
  5554 | D:7      | Found a sparkling altar of Nemelex Xobeh.
  5557 | D:7      | Found an ornate altar of the Wu Jian Council.
  5568 | D:7      | Noticed Prince Ribbit
  5599 | D:7      | Killed Prince Ribbit
  5966 | D:7      | Identified the +6 long sword "Hiozuip" {freeze, rElec rF+}
  5991 | D:7      | Found a bloodstained altar of Trog.
  6270 | D:8      | Noticed Joseph
  6306 | D:8      | Killed Joseph
  6307 | D:8      | Reached skill level 7 in Fighting
  6454 | D:8      | Reached * piety under Hepliaklqana
  6506 | D:8      | Noticed a two-headed ogre
  6515 | D:8      | Killed a two-headed ogre
  6520 | D:8      | Reached XP level 10. HP: 68/75 MP: 10/10
  6944 | D:8      | Noticed a gargoyle
  6950 | D:8      | Killed a gargoyle
  7075 | D:8      | Noticed Maggie
  7088 | D:8      | Killed Maggie
  7272 | D:8      | Noticed Maurice
  7292 | D:8      | Killed Maurice
  7293 | D:8      | Reached skill level 8 in Fighting
  8078 | D:9      | Reached skill level 1 in Invocations
  8163 | D:9      | Found a blossoming altar of Fedhas.
  8163 | D:9      | Found a shadowy altar of Dithmenos.
  8172 | D:9      | Found a bloodstained altar of Trog.
  8172 | D:9      | Found a shadowy altar of Dithmenos.
  8175 | D:9      | Noticed Pikel
  8188 | D:9      | Killed Pikel
  8399 | D:9      | Noticed a manticore
  8408 | D:9      | Killed a manticore
  8484 | D:9      | Identified the +0 shortbow "Ellourph" {heavy, Will++ Dex+2}
  8492 | D:9      | Identified the ring "Iloj" {Fly Will+ Dex+3}
  8496 | D:9      | Noticed a white ugly thing
  8497 | D:9      | Noticed a boulder beetle
  8499 | D:9      | Noticed a green ugly thing
  8499 | D:9      | Noticed a red ugly thing
  8511 | D:9      | Killed a red ugly thing
  8512 | D:9      | Gained mutation: Your touch may irresistibly damage your
                  | foes and sap their willpower. [demonic ancestry]
  8512 | D:9      | Reached XP level 11. HP: 54/82 MP: 13/13
  8516 | D:9      | Killed a red ugly thing
  8522 | D:9      | Killed a green ugly thing
  8523 | D:9      | Reached skill level 9 in Fighting
  8745 | D:9      | Slain by a boulder beetle

Illustrated notes

Levels and vault maps discovered:
D:1:      nagdon_arrival_double_spiral, layout_rooms
D:2:      layout_loops_ring, uniq_jessica, uniq_robin
D:3:      layout_rooms, lemuel_doored_altar, minmay_mini_jars
D:4:      layout_basic, nicolae_uskayaw_murder_on_the_dancefloor
D:5:      layout_cave_pools, serial_bayou_pond_b
D:6:      layout_basic
D:7:      layout_loops_cross, chequers_temple_overflow_statue_of_worship,
          mainiacjoe_overflow_catwalk_spiral, minmay_temple_entry_glass,
          uniq_duvessa, uniq_prince_ribbit1
D:8:      minmay_general_purpose_star, layout_rooms, lightli_orcish_oven,
          uniq_maggie, uniq_maurice, uniq_joseph
D:9:      minmay_the_grid_octo_triangle [minmay_the_grid_octo_toaster,
          minmay_the_grid_octo_prize_square_snowflake,
          minmay_the_grid_octo_shrine], layout_basic,
          gammafunk_temple_overflow_statue, uniq_pikel
Temple:   cyrus_circular_temple

Skill      XL: |  1  2  3  4  5  6  7  8  9 10 11 |
---------------+----------------------------------+-----
Dodging        | 3 4 5 6 7 8 |  8.5
Polearms       | 3 4 5 6 7 8 |  8.5
Armour         | 1 2 3 4 5 6 7 |  7.2
Fighting       | 3 4 5 6 7 8 9 |  9.0
Invocations    | 3 4 |  4.2
Throwing       | |  1.7

Action                     |  1- 3 |  4- 6 |  7- 9 | 10-12 || total
---------------------------+-------+-------+-------+-------++-------
  Melee: Trident           |    95 |   134 |   284 |   250 ||   763
         Punch             |     3 |     4 |     5 |     2 ||    14
         Touch             |     6 |    21 |    45 |    47 ||   119
  Throw: Throwing net      |       |       |     4 |     2 ||     6
         Dart              |       |       |       |     2 ||     2
 Invoke: Recall Ancestor   |       |       |       |     1 ||     1
    Use: Scroll            |     6 |     7 |     8 |     2 ||    23
         Potion            |       |       |     1 |     2 ||     3
   Stab: Sleeping          |     1 |     3 |     3 |     2 ||     9
         Distracted        |       |     1 |     1 |     1 ||     3
         Held in net/web   |       |       |     3 |       ||     3
 Armour: Leather armour    |    19 |    29 |    67 |    32 ||   147
  Dodge: Dodged            |    45 |    60 |   167 |   153 ||   425

Table legend: (Time is in decaauts)
 A = Elapsed time spent in this place.
 B = Non-inter-level travel time spent in this place.
 C = Inter-level travel time spent in this place.
 D = Time resting spent in this place.
 E = Time spent auto-exploring this place.
 F = Levels seen in this place.
 G = Mean time per level.
                   A        B        C        D        E       F      G
               +--------+--------+--------+--------+--------+-----+--------+
         Total |   8809 |   8423 |    386 |    380 |   6456 |  10 |  880.9 |
       Dungeon |   8602 |   8216 |    386 |    380 |   6278 |   9 |  955.8 |
        Temple |    206 |    206 |      0 |      0 |    178 |   1 |  206.0 |
               +--------+--------+--------+--------+--------+-----+--------+

Top non-repeatable levels by time:
     D:8: 1464 daAuts
     D:6: 1142 daAuts
     D:7: 1139 daAuts
     D:4: 1012 daAuts
     D:9: 1007 daAuts
     D:5: 911 daAuts
     D:2: 699 daAuts
     D:1: 627 daAuts
     D:3: 598 daAuts
  Temple: 206 daAuts
